 Dungeon Crawl Stone Soup version 0.27-a0-1177-g245c70e1c0 (webtiles) character file.

Game seed: 15139213840602199126

212 bilbop the Skirmisher (level 5, -1/47 HPs)
             Began as a Minotaur Abyssal Knight on May 16, 2021.
             Was a Believer of Lugonu.
             Slain by a gnoll
             ... wielding a +2 spear of freezing
              (5 damage)
             ... on level 2 of the Dungeon.
             The game lasted 00:07:04 (2280 turns).

bilbop the Skirmisher (Minotaur Abyssal Knight)     Turns: 2280, Time: 00:07:04

Health: -1/47      AC:  3    Str: 17    XL:     5   Next: 58%
Magic:  15/15      EV: 12    Int:  9    God:    Lugonu [**....]
Gold:   41         SH:  0    Dex: 10    Spells: 4/4 levels left

rFire    + . .     SeeInvis .   a - +1 spear
rCold    x . .     Faith    .   (no shield)
rNeg     . . .     Spirit   .   b - +0 leather armour
rPois    .         Reflect  .   (helmet restricted)
rElec    .         Harm     .   (no cloak)
rCorr    .         Rampage  .   (no gloves)
Will     .....                  (no boots)
Stlth    +.........             (no amulet)
HPRegen  0.15/turn              d - ring of fire
MPRegen  0.14/turn              i - ring of magical power

@: no status effects
A: horns 2, retaliatory headbutt
a: Renounce Religion, Depart the Abyss, Bend Space


You were on level 2 of the Dungeon.
You worshipped Lugonu.
Lugonu was pleased with you.
You visited 1 branch of the dungeon, and saw 2 of its levels.
You visited the Abyss 1 time.

You collected 41 gold pieces.

Inventory:

Hand Weapons
 a - a +1 spear (weapon)
Armour
 b - a +0 leather armour (worn)
Jewellery
 d - a ring of fire (left hand)
 i - a ring of magical power (right hand)
Scrolls
 c - 3 scrolls of teleportation {unknown}
 g - a scroll of torment {unknown}
Potions
 e - a potion of heal wounds {unknown}
 f - 2 potions of resistance {unknown}
 h - a potion of curing {unknown}


   Skills:
 + Level 4.7 Fighting
 + Level 3.8 Polearms
 + Level 3.8 Armour
 + Level 2.8 Dodging
 + Level 3.0 Invocations


You had 4 spell levels left.
You didn't know any spells.
Your spell library was empty.

Dungeon Overview and Level Annotations

Branches:
Dungeon (2/15)

Altars:


Innate Abilities, Weirdness & Mutations

You have a pair of horns on your head.
You reflexively headbutt those who attack you in melee.


Message History

You reach to attack!
You barely miss the gnoll.
The gnoll hits you from afar with a +2 spear of freezing!
The gnoll freezes you.
Reach: a) +1 spear
Press: ? - help, Dir - move target, f/p - gnoll
Aim: a gnoll, wielding a +2 spear of freezing and quivering a throwing net (about 34% to evade your +1 spear)
You reach to attack!
You hit the gnoll.
The gnoll is heavily wounded.
The gnoll hits you from afar with a +2 spear of freezing!
The gnoll freezes you.
* * * LOW HITPOINT WARNING * * *
Reach: a) +1 spear
Press: ? - help, Dir - move target, f/p - gnoll
Aim: a gnoll, wielding a +2 spear of freezing and quivering a throwing net (heavily wounded, about 34% to evade your +1 spear)
You reach to attack!
You barely miss the gnoll.
The gnoll is heavily wounded.
The gnoll hits you from afar with a +2 spear of freezing.
* * * LOW HITPOINT WARNING * * *
The gnoll freezes you.
* * * LOW HITPOINT WARNING * * *
The gnoll hits you but does no damage.
You hit the gnoll.
The gnoll is moderately wounded.
The gnoll barely misses you. x2
You hit the gnoll. Your headbutt misses the gnoll.
The gnoll is heavily wounded.
The gnoll barely misses you. The gnoll closely misses you.
The gnoll throws a throwing net.
The throwing net misses you.
You are too injured to fight recklessly!
You are too injured to fight recklessly!
The gnoll closely misses you.
You hit the gnoll.
The gnoll is almost dead.
The gnoll hits you from afar with a +2 spear of freezing.
* * * LOW HITPOINT WARNING * * *
The gnoll freezes you.
* * * LOW HITPOINT WARNING * * *
The gnoll hits you from afar with a +2 spear of freezing.
You die...

...........#..#
.........#..# #..).......
#......... ####.†)......
#### #............
...###########...g.<......
...'.............†........
...###########..@g...>....
..............†...(.......
...#######################
...# ...# ########### )..#
#.........# ...####
#.#######.# .)....#
#.#....)#.# ......#
#.#.###.#.#


You could see 2 gnolls.

Vanquished Creatures
  Sigmund (D:2)
  2 gnolls (D:2)
  An adder (D:2)
  A dart slug (D:1)
  3 ball pythons
  4 bats
  2 endoplasms (D:1)
  A giant cockroach (D:1)
  4 goblins
  A hobgoblin (D:2)
  2 jackals (D:1)
  8 kobolds
  3 quokkas
  A rat (D:1)
34 creatures vanquished.

Notes
Turn   | Place    | Note
-------+----------+-------------------------------------------
     0 | Abyss:1  | bilbop the Minotaur Abyssal Knight began the quest for the
                  | Orb.
     0 | Abyss:1  | Reached XP level 1. HP: 19/19 MP: 1/1
    43 | D:1      | Escaped the Abyss
   224 | D:1      | Reached XP level 2. HP: 8/27 MP: 2/2
   621 | D:1      | Found a faded altar of an unknown god.
  1122 | D:1      | Reached XP level 3. HP: 30/33 MP: 3/3
  1571 | D:2      | Reached skill level 4 in Fighting
  2109 | D:2      | Noticed Sigmund
  2120 | D:2      | Killed Sigmund
  2121 | D:2      | Reached XP level 4. HP: 39/41 MP: 3/5
  2121 | D:2      | Reached XP level 5. HP: 44/47 MP: 3/6
  2128 | D:2      | Reached ** piety under Lugonu
  2280 | D:2      | Slain by a gnoll

Illustrated notes

Levels and vault maps discovered:
D:1:      eino_arrival_cavern_b, layout_basic, ebering_ecumenical_altar_ruins,
          st_stairs_3, hex_large, roderic_lattice_a
D:2:      layout_basic, uniq_sigmund, uniq_jessica

Skill      XL: |  1  2  3  4  5 |
---------------+----------------+-----
Invocations    | 2 3 |  3.0
Fighting       | 4 |  4.7
Armour         | 3 |  3.8
Polearms       | 3 |  3.8
Dodging        | 2 |  2.8

Action                   |  1- 3 |  4- 6 || total
-------------------------+-------+-------++-------
Melee: Spear             |    83 |    28 ||   111
       Headbutt          |     4 |     1 ||     5
Armor: Leather armour    |    12 |     4 ||    16
Dodge: Dodged            |    45 |    18 ||    63

Table legend: (Time is in decaauts)
 A = Elapsed time spent in this place.
 B = Non-inter-level travel time spent in this place.
 C = Inter-level travel time spent in this place.
 D = Time resting spent in this place.
 E = Time spent auto-exploring this place.
 F = Levels seen in this place.
 G = Mean time per level.
                   A        B        C        D        E       F      G
               +--------+--------+--------+--------+--------+-----+--------+
         Total |   2273 |   2110 |    163 |    432 |   1436 |   3 |  757.7 |
       Dungeon |   2230 |   2067 |    163 |    432 |   1423 |   2 | 1115.0 |
         Abyss |     43 |     43 |      0 |      0 |     13 |   1 |   43.0 |
               +--------+--------+--------+--------+--------+-----+--------+

Top non-repeatable levels by time:
     D:1: 1492 daAuts
     D:2: 738 daAuts
 Abyss:1: 43 daAuts
